 Seeded DCSS version 0.28-a0-1130-gc51a68064b (webtiles) character file.

Game seed: 8197062223022065933 (custom seed)

1840 croobank the Skirmisher (level 8, -7/65 HPs)
             Began as a Demonspawn Monk on Dec 12, 2021.
             Was a Believer of Sif Muna.
             Shot with an arrow by a centaur (9 damage)
             ... on level 6 of the Dungeon.
             The game lasted 00:47:12 (8576 turns).

croobank the Skirmisher (Demonspawn Monk)           Turns: 8576, Time: 00:47:13

Health: -7/65      AC:  6    Str: 13    XL:     8   Next: 87%
Magic:  8/8        EV: 11    Int: 12    God:    Sif Muna [**....]
Gold:   232        SH:  0    Dex: 16    Spells: 7/7 levels left

rFire   x . .      SeeInvis .   v - +4 dagger
rCold   + . .      Faith    .   (no shield)
rNeg    . . .      Spirit   .   e - +0 scale mail
rPois   .          Reflect  .   (no helmet)
rElec   .          Harm     .   (no cloak)
rCorr   .          Rampage  .   (no gloves)
Will    .....                   (no boots)
Stlth   ++........              h - amulet of magic regeneration
HPRegen 0.20/turn               f - ring of ice
MPRegen 0.51/turn               (no ring)

@: no status effects
A: claws 1, demonic guardian 2, foul stench 2
a: Renounce Religion, Channel Magic


You were on level 6 of the Dungeon.
You worshipped Sif Muna.
Sif Muna was pleased with you.
You visited 1 branch of the dungeon, and saw 6 of its levels.

You collected 232 gold pieces.

Inventory:

Hand Weapons
 a - a +2 hand axe
 b - a +1 dire flail
 g - a +0 vorpal shortbow
 k - a +2 flail of protection
 r - a +5 scimitar
 s - a +2 short sword of freezing
 t - a +3 spear
 v - a +4 dagger (weapon)
Missiles
 d - 193 stones
 j - 19 poisoned darts (quivered)
 o - 9 arrows
Armour
 e - a +0 scale mail (worn)
 m - a +0 chain mail
 n - a +0 plate armour
 u - a +0 robe
Jewellery
 f - a ring of ice (left claw)
 h - an amulet of magic regeneration (around neck)
Scrolls
 c - 2 scrolls of immolation
 p - a scroll of teleportation
 q - a scroll of fog
Potions
 i - a potion of invisibility
 l - a potion of mutation {unknown}
 w - a potion of brilliance {unknown}


   Skills:
 + Level 6.4 Fighting
 + Level 2.5 Long Blades
 - Level 5.1 Axes
 + Level 5.9 Dodging
 + Level 6.0 Stealth


You had 7 spell levels left.
You didn't know any spells.
Your spell library contained the following spells:

 Spells                   Type           Power      Damage    Failure   Level
 Animate Skeleton         Necr           0%         N/A       86%         1
 Pain                     Necr           0%         1d4       86%         1
 Vampiric Draining        Necr           0%         2d6       99%         3


Dungeon Overview and Level Annotations

Branches:
Dungeon (6/15)
 Temple: D:4-7

Altars:
Ashenzari
Dithmenos
Sif Muna
Wu Jian


Innate Abilities, Weirdness & Mutations

You have sharp fingernails.
A demonic guardian rushes to your aid.
You sometimes emit foul miasma when damaged in melee.


Message History

Okay, then.
You hit the yak.
The yak is heavily wounded.
The yak gores you.
You barely miss the yak.
The yak is heavily wounded.
The yak misses you.
You closely miss the yak.
The yak is heavily wounded.
The yak gores you.
You hit the yak.
The yak is severely wounded.
The yak gores you!
You emit a cloud of foul miasma!
You hit the yak.
The yak is severely wounded.
The yak is engulfed in dark miasma.
The yak is poisoned.
The yak gores you!
* * * LOW HITPOINT WARNING * * *
You hit the yak.
You kill the yak!
Sif Muna accepts your kill.
The centaur shoots an arrow.
The arrow hits you!
* * * LOW HITPOINT WARNING * * *
A demonic guardian appears!
The orc barely misses your hellwing.
Your Stealth skill increases to level 6!
The centaur shoots an arrow.
The arrow hits your hellwing!
The orc hits your hellwing with a +0 flail.
Your hellwing hits the orc!
The orc dies!
Sif Muna accepts your kill.
The centaur unwields a +0 shortbow.
The centaur misses your hellwing.
The centaur kicks your hellwing but does no damage.
The centaur wields a +0 shortbow.
The centaur shoots an arrow.
The arrow barely misses your hellwing. The arrow barely misses you.
Your hellwing hits the centaur.
Your hellwing hits the centaur but does no damage.
Okay, then.
The water moccasin skeleton barely misses your hellwing.
The centaur shoots an arrow.
The arrow barely misses your hellwing. The arrow hits you!
You die...

###### ..#..
.'.. #..
######'#####
........c4@#
#####..#Z###
#.....#
#.#.###
#.#.# #.#.#
#. #.#.#
#.##.#.#
#.##)#.#


You could see a centaur (ally target), a water moccasin skeleton and a friendly
hellwing (summoned).

Vanquished Creatures
  Eustachio (D:5)
  A yak (D:6)
  2 ice beasts (D:5)
  A sky beast (D:5)
  A necrophage (D:4)
  A phantom (D:4)
  A bullfrog (D:6)
  A scorpion (D:6)
  2 wights (D:6)
  A howler monkey (D:5)
  3 hounds
  A jelly (D:6)
  A bullfrog skeleton (D:6)
  2 bullfrog zombies (D:6)
  A centaur skeleton (D:6)
  2 iguanas (D:5)
  An orc wizard (D:3)
  A killer bee zombie (D:6)
  A howler monkey skeleton (D:5)
  A howler monkey zombie (D:5)
  12 adders
  3 shadow imps (D:6)
  2 white imps (D:6)
  An ufetubus (D:5)
  2 dart slugs
  5 orcs
  4 ball pythons
  12 endoplasms
  3 giant cockroaches
  7 goblins
  9 hobgoblins
  4 jackals (D:1)
  3 quokkas
  6 bats
  6 frilled lizards
  7 kobolds
  7 rats
119 creatures vanquished.

Vanquished Creatures (collateral kills)
  A centaur (D:5)
  3 wights (D:6)
  A jelly (D:6)
  Terence (D:2)
  A shadow imp (D:5)
  2 orcs
  A hobgoblin (D:1)
  A bat (D:1)
  A frilled lizard (D:1)
12 creatures vanquished.

Grand Total: 131 creatures vanquished

Notes
Turn   | Place    | Note
-------+----------+-------------------------------------------
     0 | D:1      | croobank the Demonspawn Monk began the quest for the Orb.
     0 | D:1      | Reached XP level 1. HP: 18/18 MP: 1/1
   332 | D:1      | Gained mutation: You have sharp fingernails. [demonic
                  | ancestry]
   332 | D:1      | Reached XP level 2. HP: 24/24 MP: 2/2
   718 | D:1      | Gained mutation: A weak demonic guardian rushes to your
                  | aid. [demonic ancestry]
   718 | D:1      | Reached XP level 3. HP: 27/29 MP: 3/3
  1054 | D:1      | Found a faded altar of an unknown god.
  1861 | D:2      | Noticed Terence
  1874 | D:2      | Killed Terence
  1875 | D:2      | Gained mutation: You may rarely emit foul miasma when
                  | damaged in melee. [demonic ancestry]
  1875 | D:2      | Reached XP level 4. HP: 25/35 MP: 4/4
  2940 | D:3      | Found a shadowy altar of Dithmenos.
  2940 | D:3      | Found a broken altar of Ashenzari.
  2959 | D:3      | Gained mutation: A demonic guardian rushes to your aid.
                  | [demonic ancestry]
  2959 | D:3      | Reached XP level 5. HP: 37/42 MP: 5/5
  2959 | D:3      | Found an ornate altar of the Wu Jian Council.
  3962 | D:4      | Noticed a phantom
  3974 | D:4      | Killed a phantom
  3975 | D:4      | Reached XP level 6. HP: 38/48 MP: 6/6
  5352 | D:5      | Entered Level 5 of the Dungeon
  5376 | D:5      | Noticed an ice beast
  5389 | D:5      | Killed an ice beast
  5526 | D:5      | Reached XP level 7. HP: 47/55 MP: 7/7
  5819 | D:5      | Noticed Eustachio
  5822 | D:5      | Reached skill level 5 in Fighting
  5848 | D:5      | Killed Eustachio
  6717 | D:5      | Reached skill level 5 in Axes
  6717 | D:5      | Reached skill level 5 in Dodging
  6717 | D:5      | Gained mutation: You sometimes emit foul miasma when
                  | damaged in melee. [demonic ancestry]
  6717 | D:5      | Reached XP level 8. HP: 35/63 MP: 8/8
  6946 | D:5      | Found a shimmering blue altar of Sif Muna.
  6952 | D:5      | Became a worshipper of Sif Muna the Loreminder
  6952 | D:5      | Reached * piety under Sif Muna
  6952 | D:5      | Reached ** piety under Sif Muna
  7052 | D:6      | Reached skill level 5 in Stealth
  7451 | D:6      | Reached skill level 1 in Long Blades
  8573 | D:6      | HP: 1/65 [centaur/arrow (13)]
  8576 | D:6      | Shot with an arrow by a centaur

Illustrated notes

Levels and vault maps discovered:
D:1:      dpeg_arrival_morbid_curiosity, layout_basic,
          hellmonk_ecumenical_altar_blasted
D:2:      layout_basic, serial_rivers, chequers_serial_rivers_micro_c,
          chequers_serial_rivers_small_3, chequers_serial_rivers_marsh,
          chequers_serial_rivers_small_a, chequers_serial_rivers_small_b,
          chequers_serial_rivers_small_a, minmay_tiny_reverse_x, uniq_terence
D:3:      layout_basic, grunt_temple_overflow_open, serial_glass,
          glass_columns_b, glass_columns_c
D:4:      layout_layer_cave, dk_noncrumbling_2, bh_walls_and_bars
D:5:      layout_loops_ring, led_sif_pool, hangedman_glass_teeth, uniq_eustachio
D:6:      minmay_thinvault, layout_basic, chequers_temple_overflow_minitemple,
          kennysheep_generic_room_14

Skill      XL: |  1  2  3  4  5  6  7  8 |
---------------+-------------------------+-----
Stealth        | 2 3 4 6 |  6.0
Axes           | 3 4 5 |  5.1
Dodging        | 3 4 5 |  5.9
Fighting       | 4 5 6 |  6.4
Long Blades    | 2 |  2.5

Action                   |  1- 3 |  4- 6 |  7- 9 || total
-------------------------+-------+-------+-------++-------
Melee: Hand axe          |   106 |   192 |   133 ||   431
       Dagger            |       |       |    85 ||    85
       Dire flail        |       |       |    39 ||    39
Throw: Stone             |       |     3 |     1 ||     4
       Dart              |       |       |    37 ||    37
  Use: Scroll            |     4 |     5 |     1 ||    10
       Potion            |     2 |     3 |     4 ||     9
 Stab: Sleeping          |     3 |     1 |     4 ||     8
Armor: Robe              |    14 |       |       ||    14
       Scale mail        |     7 |    94 |    86 ||   187
Dodge: Dodged            |    70 |    90 |   159 ||   319

Table legend: (Time is in decaauts)
 A = Elapsed time spent in this place.
 B = Non-inter-level travel time spent in this place.
 C = Inter-level travel time spent in this place.
 D = Time resting spent in this place.
 E = Time spent auto-exploring this place.
 F = Levels seen in this place.
 G = Mean time per level.
                   A        B        C        D        E       F      G
               +--------+--------+--------+--------+--------+-----+--------+
         Total |   8633 |   8401 |    232 |   2545 |   4310 |   6 | 1438.8 |
       Dungeon |   8633 |   8401 |    232 |   2545 |   4310 |   6 | 1438.8 |
               +--------+--------+--------+--------+--------+-----+--------+

Top non-repeatable levels by time:
     D:5: 1661 daAuts
     D:4: 1583 daAuts
     D:6: 1572 daAuts
     D:1: 1559 daAuts
     D:2: 1355 daAuts
     D:3: 900 daAuts
